 Dungeon Crawl Stone Soup version 0.29-a0-298-g3c90f9a769 (webtiles) character file.

Game seed: 9944101290699600080

56 Dabor the Stinger (level 3, -1/19 HPs)
             Began as a Deep Elf Venom Mage on Mar 23, 2022.
             Was a Follower of Elyvilon.
             Slain by an orc
             ... wielding a +0 whip of electrocution
              (14 damage)
             ... on level 3 of the Dungeon.
             The game lasted 00:02:11 (2160 turns).

Dabor the Stinger (Deep Elf Venom Mage)             Turns: 2160, Time: 00:02:11

Health: -1/19      AC:  2    Str:  5    XL:     3   Next: 69%
Magic:  7/10       EV: 13    Int: 27    God:    Elyvilon [*.....]
Gold:   33         SH:  0    Dex: 15    Spells: 8/9 levels left

rFire   . . .      SeeInvis .   o - +1 dagger (venom)
rCold   . . .      Faith    .   (no shield)
rNeg    . . .      Spirit   .   a - +0 robe
rPois   .          Reflect  .   (no helmet)
rElec   .          Harm     .   (no cloak)
rCorr   .          Rampage  .   (no gloves)
Will    .....                   (no boots)
Stlth   ++........              g - amulet of regeneration
HPRegen 0.86/turn               c - +6 ring of intelligence
MPRegen 0.12/turn               (no ring)

@: no status effects
A: no striking features
a: Renounce Religion, Purification


You were on level 3 of the Dungeon.
You worshipped Elyvilon.
Elyvilon was aware of your devotion.
You visited 1 branch of the dungeon, and saw 3 of its levels.

You collected 33 gold pieces.

Inventory:

Hand Weapons
 o - a +1 dagger of venom (weapon)
Armour
 a - a +0 robe (worn)
Jewellery
 c - a +6 ring of intelligence (left hand)
 g - an amulet of regeneration (around neck)
Scrolls
 h - 2 scrolls of identify {unknown}
 j - a scroll of enchant weapon {unknown}
 k - a scroll of amnesia {unknown}
 l - 2 scrolls of noise {unknown}
 m - a scroll of fear {unknown}
 n - a scroll of teleportation {unknown}
Potions
 b - 2 potions of magic
 d - a potion of lignification {unknown}
 e - a potion of heal wounds {unknown}
 f - a potion of curing
 i - a potion of brilliance {unknown}


   Skills:
 + Level 3.1 Dodging
 + Level 3.2 Stealth
 + Level 3.6 Spellcasting
 + Level 1.9 Transmutations
 + Level 3.7 Poison Magic


You had 8 spell levels left.
You knew the following spells:

 Your Spells              Type           Power      Damage    Failure   Level
a - Sting                 Tmut/Pois      80%        1d7       2%          1

Your spell library contained the following spells:

 Spells                   Type           Power      Damage    Failure   Level
 Poisonous Vapours        Pois/Air       30%        N/A       6%          2
 Static Discharge         Conj/Air       4%         N/A       13%         2
 Mephitic Cloud           Conj/Pois/Air  11%        N/A       16%         3
 Olgreb's Toxic Radiance  Pois           25%        N/A       17%         4
 Dispel Undead            Necr           4%         3d7       63%         4
 Sticky Flame             Conj/Fire      4%         2d3       63%         4


Dungeon Overview and Level Annotations

Branches:
Dungeon (3/15)

Altars:
Elyvilon


Message History

Found 15 stones.
There is a stone staircase leading up here. 2 orcs come into view.
Found a short sword.
There are monsters nearby!
There are monsters nearby!
The sting hits the orc.
The orc is poisoned.
The orc is lightly wounded.
The sting hits the orc.
The orc looks even sicker.
The orc is moderately wounded.
The sting hits the orc.
The orc looks even sicker.
The orc is heavily wounded.
The orc misses you. The orc hits you with a +0 dagger.
The sting hits the orc.
The orc looks as sick as possible!
The orc is severely wounded.
You kill the orc!
The orc closely misses you.
The sting hits the orc!
The orc is poisoned.
You kill the orc!
You can't see any susceptible monsters within range! (Use Z to cast anyway.)
You can't see any susceptible monsters within range! (Use Z to cast anyway.)
You can't see any susceptible monsters within range! (Use Z to cast anyway.) Magic restored.
An orc comes into view.
It is wielding a +0 whip of electrocution.
Things that are here:
a +0 mace; an orc corpse An orc is nearby!
An orc is nearby!
An orc is nearby!
An orc is nearby!
An adder comes into view.
The orc shouts!
The adder hisses angrily.
The sting misses the adder.
The sting hits the adder.
The adder is poisoned.
The adder is moderately wounded.
The sting misses the adder.
The adder bites you but does no damage.
The orc hits you with a +0 whip of electrocution.
You are electrocuted!
Ouch! That really hurt!
You die...

#.. .####
..
#.##.....
..#
#........
..#
##......
...
#......
#.##)...#
#....So#
#..@.#
#....#
#))..#
####.####
####....#
##....####
##..####
######..##
#......##


You could see an adder (poisoned) and an orc.

Vanquished Creatures
  An adder (D:2)
  A dart slug (D:1)
  2 orcs (D:3)
  2 endoplasms (D:2)
  3 giant cockroaches (D:1)
  5 goblins
  7 hobgoblins
  4 kobolds
  2 quokkas (D:2)
  6 ball pythons
  2 bats
  A frilled lizard (D:1)
  A rat (D:2)
37 creatures vanquished.

Notes
Turn   | Place    | Note
-------+----------+-------------------------------------------
     0 | D:1      | Dabor the Deep Elf Venom Mage began the quest for the Orb.
     0 | D:1      | Reached XP level 1. HP: 10/10 MP: 6/6
   447 | D:1      | Reached XP level 2. HP: 15/15 MP: 4/8
   906 | D:1      | Found a faded altar of an unknown god.
  1313 | D:1      | Prayed at the altar of an unknown god.
  1313 | D:1      | Became a worshipper of Elyvilon the Healer
  1313 | D:1      | Reached * piety under Elyvilon
  1421 | D:2      | Reached XP level 3. HP: 17/19 MP: 9/9
  2160 | D:3      | Slain by an orc

Illustrated notes

Levels and vault maps discovered:
D:1:      minmay_arrival_jagged, layout_loops_ring,
          dilly_ecumenical_altar_fadedgnrine
D:2:      layout_basic
D:3:      layout_rooms, uniq_sigmund, uniq_robin

Skill      XL: |  1  2  3 |
---------------+----------+-----
Stealth        | 3 |  3.2
Dodging        | 3 |  3.1
Spellcasting   | |  3.6
Transmutations | |  1.9
Poison Magic   | |  3.7

Action                   || total
-------------------------++-------
Melee: Unarmed           ||    23
 Cast: Sting             ||    75
  Use: Potion            ||     1
 Stab: Sleeping          ||     1
Armor: Robe              ||    11
Dodge: Dodged            ||    52

Table legend: (Time is in decaauts)
 A = Elapsed time spent in this place.
 B = Non-inter-level travel time spent in this place.
 C = Inter-level travel time spent in this place.
 D = Time resting spent in this place.
 E = Time spent auto-exploring this place.
 F = Levels seen in this place.
 G = Mean time per level.
                   A        B        C        D        E       F      G
               +--------+--------+--------+--------+--------+-----+--------+
         Total |   2159 |   2003 |    156 |      0 |   1751 |   3 |  719.7 |
       Dungeon |   2159 |   2003 |    156 |      0 |   1751 |   3 |  719.7 |
               +--------+--------+--------+--------+--------+-----+--------+

Top non-repeatable levels by time:
     D:1: 1340 daAuts
     D:2: 754 daAuts
     D:3: 65 daAuts
